 Dungeon Crawl Stone Soup version 0.32-a0-673-g3729bd50f8 (webtiles) character file.

Game seed: 17433174340419634973

11852 ezpacito the Fighter (level 11, -4/72 (87) HPs)
             Began as a Coglin Chaos Knight on Mar 11, 2024.
             Was a Plaything of Xom.
             Slain by a wraith (9 damage)
             ... led by Josephine
             ... on level 10 of the Dungeon.
             The game lasted 00:16:30 (10709 turns).

ezpacito the Fighter (Coglin Chaos Knight)         Turns: 10709, Time: 00:16:31

HP:   -4/72 (87)    AC: 11    Str: 16    XL:     11   Next: 84%
MP:   18/18         EV: 15    Int: 13    God:    Xom [...*..]
Gold: 95            SH:  4    Dex: 13    Spells: 1/19 levels left

rFire   . . .        a - +0 hand axe (chaos) {Miranda}
rCold   + . .        k - +0 trident (protect) {Agam}
rNeg    . . .        g - +1 steam dragon scales
rPois   .            (helmet restricted)
rElec   +            j - +0 cloak
rCorr   .            (no gloves)
SInv    +            r - +0 pair of boots
Will    .....        (amulet unavailable)
Stlth   +++          (ring unavailable)
HPRegen 0.32/turn    (ring unavailable)
MPRegen 0.16/turn    (no gizmo)

%: no passive effects
@: about to teleport, slowed, heavily drained, revved, very slow
A: off-hand wielding, slow wielding, warmup strikes, no jewellery, horns 2,
large bone plates 1, see invisible, cold resistance 1, sense surroundings 1,
shaggy fur 1, electricity resistance
a: Invent Gizmo, Renounce Religion


You were on level 10 of the Dungeon.
You worshipped Xom.
You were a favourite toy of Xom.
You visited 2 branches of the dungeon, and saw 11 of its levels.
You also visited: Ossuary.

You collected 485 gold pieces.
You spent 390 gold pieces at shops.

Inventory:

Hand Weapons
 a - a +0 hand axe of chaos (weapon) {Miranda}
 c - a +1 broad axe of flaming
 k - a +0 trident of protection (offhand) {Agam}
 x - the +3 flail of Qazlal's Benevolence {holy, Fly Str-4 Dex+5}
   (You took it off an orc on level 8 of the Dungeon)

   Str-4:     It affects your strength (-4).
   Dex+5:     It affects your dexterity (+5).
   Fly:       It grants you flight.
Missiles
 p - 30 poisoned darts (quivered)
 s - 12 boomerangs
 v - 6 atropa-tipped darts
Armour
 d - +0 acid dragon scales
 g - +1 steam dragon scales (worn)
 j - a +0 cloak (worn)
 r - a +0 pair of boots (worn)
 C - a +0 chain mail of fire resistance
 E - a +2 helmet
Magical Staves
 f - a staff of fire
 h - a staff of cold
 m - a staff of air
Wands
 A - a wand of mindburst (13)
Scrolls
 e - a scroll of vulnerability
 o - 2 scrolls of silence
 t - 2 scrolls of teleportation
 y - a scroll of amnesia {unknown}
 z - a scroll of immolation
 B - 2 scrolls of enchant weapon {unknown}
 D - a scroll of blinking {unknown}
 F - 2 scrolls of revelation
Potions
 b - a potion of lignification
 l - a potion of brilliance
 n - 2 potions of mutation
 q - a potion of curing
 u - 4 potions of attraction
 w - 2 potions of enlightenment


   Skills:
 * Level 8.4 Fighting
 * Level 8.3(9.1) Axes
 + Level 5.2(7.1) Polearms
 * Level 7.4 Armour
 * Level 7.2 Dodging
 - Level 5.0 Stealth
 + Level 4.7 Spellcasting
 + Level 7.4 Evocations


You had one spell level left.
You knew the following spells:

 Your Spells              Type           Power      Damage    Failure   Level
a - Ignite Poison         Fire/Alch      3%         N/A       88%         4
b - Manifold Assault      Tloc           3%         N/A       88%         4
c - Summon Blazeheart Go  Fire/Summ      3%         N/A       88%         4
d - Searing Ray           Conj           6%         2d4       28%         2
s - Sticky Flame          Fire/Alch      3%         2d4       88%         4

Your spell library contained the following spells:

 Spells                   Type           Power      Damage    Failure   Level
 Magic Dart               Conj           12%        1d3       19%         1
 Fulminant Prism          Conj/Alch      1%         3d5       88%         4
 Conjure Ball Lightning   Conj/Air       1%         3x3d6     100%        6
 Dispersal                Tloc           1%         N/A       100%        6
 Orb of Destruction       Conj           1%         9d5       100%        7
 Spellforged Servitor     Conj/Summ      1%         N/A       100%        7
 Discord                  Hex            1%         N/A       100%        8
 Disjunction              Tloc           1%         N/A       100%        8
 Ignition                 Fire           1%         3d3       100%        8


Dungeon Overview and Level Annotations

Branches:
Dungeon (10/15)            Temple (1/1) D:7         Ossuary (visited)
   Lair: D:8-11         Orc: D:9-12

Altars:
Ashenzari
Cheibriados
Dithmenos
Elyvilon
Fedhas
Gozag
Hepliaklqana
Kikubaaqudgha
Makhleb
Nemelex Xobeh
Okawaru
Qazlal
Ru
Sif Muna
Trog
Uskayaw
Vehumet
Wu Jian
Xom
Yredelemnul
Zin
The Shining One

Shops:
D:4 :**(   D:5 [   D:8 [

Annotations:
D:10 Josephine
Temple 2 transporters


Innate Abilities, Weirdness & Mutations

You can wield a second weapon in your off-hand.
It takes a long time for you to wield or remove held weapons.
Your first few attacks do less damage.
You cannot equip rings or amulets.
You have a pair of horns on your head.
You are partially covered in large bone plates. (SH +4)
You have supernaturally acute eyesight. (SInv)
Your flesh is cold resistant. (rC+)
You passively map a small area around you.
You are covered in fur. (AC +1)
You are resistant to electric shocks. (rElec)


Message History

Josephine gestures at you while chanting.
The ghostly flame explodes!
The ghostly fireball engulfs you!
You feel drained.
You emit a cloud of colourful smoke!
The ghostly fireball engulfs Josephine.
Josephine completely resists.
The ghostly fireball engulfs the wraith.
The wraith completely resists.
The ghostly fireball engulfs the wraith.
The wraith completely resists.
A centaur comes into view.
You block the wraith's attack. Josephine hits you but does no damage.
The wraith barely misses you.
As you read the scroll of teleportation, it crumbles to dust.
You feel strangely unstable.
The centaur wields a +0 shortbow.
The centaur shoots an arrow.
The arrow barely misses you.
The arrow hits the wraith.
You block Josephine's attack. The wraith barely misses you.
The centaur shoots an arrow.
The arrow closely misses you.
The arrow hits the wraith.
Josephine gestures at you while chanting.
The ghostly flame explodes!
The ghostly fireball engulfs you!!
You feel drained.
* * * LOW HITPOINT WARNING * * *
The ghostly fireball engulfs Josephine.
Josephine completely resists.
The ghostly fireball engulfs the wraith.
The wraith completely resists.
The ghostly fireball engulfs the wraith.
The wraith completely resists.
The wraith completely misses you. The wraith hits you.
* * * LOW HITPOINT WARNING * * *
You take 25 damage, and have 12/72 hp.
MASSIVE DAMAGE!!
You hit Josephine but do no damage.
Josephine is almost dead.
You hit the wraith with your +0 hand axe of chaos.
You barely miss the wraith with your +0 hand axe of chaos.
You closely miss Josephine with your +0 trident of protection.
The centaur shoots an arrow.
The arrow hits you!
* * * LOW HITPOINT WARNING * * *
You block Josephine's attack. Josephine hits you but does no damage.
The wraith hits you!
You die...
Xom giggles madly!

#.....######..# #. ,
#.............# #. *
, ####.............#
#. ,,
.................#
#.
##c.....#####...###.
, #......# #.......
, #......# #.......
, #.ยงยง...#
#...###. #W@###.#
#...# #. * , #@W#
#.# #...# #. #KW#
#.# #...# #. , #).#
#.# #...# #. * #..#
.# #...# #. #..# *
#...# #. , #..#
#...# #. * #..# ,
#...# #. * #...# #.


You could see Josephine (fast, weak), 3 wraiths, a centaur and a kobold.

Vanquished Creatures
  2 two-headed ogres
  Pikel (D:5)
  An elephant (D:10)
  Maggie (D:7)
  A troll (D:10)
  Grinder (D:5)
  A raiju (shapeshifter) (D:6)
  Prince Ribbit (D:5)
  Sigmund (D:4)
  3 wraiths
  A wyvern (D:10)
  9 yaks
  A steam dragon (D:6)
  3 water moccasins
  Menkaure (D:4)
  Duvessa (D:5)
  An orc warrior (D:6)
  8 ice beasts
  3 black bears
  An ogre (D:6)
  3 centaurs
  2 lemures (D:5)
  8 phantoms
  3 kobold brigands
  2 bullfrogs
  5 elf zombies
  A gnoll sergeant (D:8)
  4 scorpions
  An elf skeleton (D:5)
  14 wights
  Dowan (D:5)
  6 killer bees (D:7)
  3 howler monkeys
  A bombardier beetle (D:5)
  5 centaur zombies
  3 human zombies (Ossuary)
  3 jellies
  A hound (D:7)
  A cerulean imp (D:7)
  6 orc priests
  2 gnoll boudas
  2 human skeletons (D:5)
  2 iguanas
  8 sleepcaps
  6 orc wizards
  4 scorpion zombies (D:7)
  4 killer bee zombies (D:7)
  2 hound zombies (Ossuary)
  2 mummies (Ossuary)
  11 gnolls
  3 adders
  8 shadow imps (D:7)
  2 white imps (D:6)
  An ufetubus (D:7)
  4 adder zombies (Ossuary)
  2 dart slugs (D:4)
  4 ribbon worms
  34 orcs
  5 endoplasms
  2 giant cockroaches
  4 gnoll zombies (Ossuary)
  4 goblins
  A hobgoblin (D:2)
  18 jackals
  18 kobolds
  5 quokkas
  8 ball pythons
  2 bats
  2 frilled lizards (D:3)
  6 jackal zombies (Ossuary)
  8 kobold zombies (Ossuary)
  An orc skeleton (D:5)
  6 orc zombies (Ossuary)
  2 rats
308 creatures vanquished.

Vanquished Creatures (collateral kills)
  An orc warrior (D:6)
  An orc (D:6)
2 creatures vanquished.

Vanquished Creatures (others)
  A dancing weapon (D:10)
  A gnoll (D:10)
2 creatures vanquished.

Grand Total: 312 creatures vanquished

Notes
Turn   | Place    | Note
-------+----------+-------------------------------------------
     0 | D:1      | ezpacito the Coglin Chaos Knight began the quest for the
                  | Orb.
     0 | D:1      | Reached XP level 1. HP: 18/18 MP: 1/1
    12 | D:1      | XOM: potion effect (brilliance)
    17 | D:1      | Reached skill level 1 in Dodging
    20 | D:1      | Reached XP level 2. HP: 23/24 MP: 2/2
    68 | D:1      | XOM: divination: magic mapping
   248 | D:1      | Reached XP level 3. HP: 26/29 MP: 3/3
   429 | D:1      | XOM: silly message
  1315 | D:2      | Reached XP level 4. HP: 31/35 MP: 4/4
  1720 | D:3      | Gained mutation: You have a pair of small horns on your
                  | head. [potion of mutation]
  1720 | D:3      | Gained mutation: You are agile. (Dex +4, Str/Int -1)
                  | [potion of mutation]
  1720 | D:3      | Gained mutation: You are very agile. (Dex +8, Str/Int -2)
                  | [potion of mutation]
  1725 | D:3      | Reached skill level 1 in Polearms
  1725 | D:3      | Reached skill level 1 in Stealth
  1725 | D:3      | Reached skill level 1 in Evocations
  1725 | D:3      | Reached XP level 5. HP: 34/41 MP: 4/6
  1781 | D:3      | Found a faded altar of an unknown god.
  1806 | D:3      | Reached skill level 1 in Spellcasting
  2115 | D:4      | Noticed Menkaure
  2117 | D:4      | XOM: potion effect (experience)
  2117 | D:4      | Reached skill level 5 in Fighting
  2117 | D:4      | Reached skill level 5 in Axes
  2117 | D:4      | Reached skill level 5 in Armour
  2117 | D:4      | Reached XP level 6. HP: 52/52 MP: 6/10
  2121 | D:4      | Killed Menkaure
  2165 | D:4      | Reached XP level 7. HP: 58/58 MP: 11/11
  2208 | D:4      | XOM: noise
  2266 | D:4      | Noticed Sigmund
  2278 | D:4      | Killed Sigmund
  2279 | D:4      | Reached skill level 5 in Dodging
  2320 | D:4      | Found Vuos's General Store.
  2338 | D:4      | Found Awnekhle's Antique Weapon Shoppe.
  2398 | D:4      | Found Houl's General Store.
  2422 | D:4      | Bought a scroll of identify for 26 gold pieces
  2553 | D:4      | Found Usuamif's Book Shoppe.
  2658 | D:4      | XOM: silly message
  2660 | D:4      | Reached skill level 5 in Evocations
  2666 | D:4      | Reached XP level 8. HP: 31/64 MP: 12/12
  2724 | D:4      | XOM: silly message
  3157 | D:5      | Entered Level 5 of the Dungeon
  3161 | D:5      | XOM: enchant monster (bad)
  3162 | D:5      | Noticed Pikel
  3169 | D:5      | Found a sacrificial altar of Ru.
  3173 | D:5      | Killed Pikel
  3349 | D:5      | Found Tayciacs's Armour Emporium.
  3359 | D:5      | Reached XP level 9. HP: 49/71 MP: 14/14
  3451 | D:5      | Found a sand-covered staircase.
  3480 | Ossuary  | Entered an ossuary
  3747 | Ossuary  | XOM: confuse monster(s)
  3754 | Ossuary  | XOM: divination: detect items
  3823 | Ossuary  | XOM: scenery: create altars
  4062 | D:5      | XOM: give mutation
  4062 | D:5      | Lost mutation: You are very agile. (Dex +8, Str/Int -2)
                  | [Xom's mischief]
  4245 | D:5      | Noticed Prince Ribbit
  4258 | D:5      | Killed Prince Ribbit
  4275 | D:5      | Noticed Duvessa
  4276 | D:5      | Noticed Dowan
  4279 | D:5      | Killed Duvessa
  4282 | D:5      | Killed Dowan
  4301 | D:5      | XOM: give mutations
  4301 | D:5      | Gained mutation: Armour fits poorly on your strangely
                  | shaped body. [Xom's mischief]
  4301 | D:5      | Lost mutation: You are agile. (Dex +4, Str/Int -1) [Xom's
                  | mischief]
  4467 | D:5      | Noticed Grinder
  4469 | D:5      | XOM: divination: detect creatures
  4470 | D:5      | XOM: summons 4 friendly demons
  4477 | D:5      | Killed Grinder
  4742 | D:6      | XOM: cast spell 'Cause Fear'
  4835 | D:6      | XOM: give mutations
  4835 | D:6      | Gained mutation: You are resistant to electric shocks.
                  | (rElec) [Xom's grace]
  4835 | D:6      | Gained mutation: You are partially covered in large bone
                  | plates. (SH +4) [Xom's grace]
  4835 | D:6      | Gained mutation: Your flesh is cold resistant. (rC+) [Xom's
                  | grace]
  4835 | D:6      | Gained mutation: You are covered in fur. (AC +1) [Xom's
                  | grace]
  4891 | D:6      | XOM: divination: detect items
  5002 | D:6      | a yak changed into a glowing shapeshifter
  5002 | D:6      | Noticed a glowing shapeshifter (glowing shapeshifter)
  5002 | D:6      | XOM: polymorph yak -> glowing shapeshifter
  5002 | D:6      | a glowing shapeshifter changed into a harpy
  5002 | D:6      | Noticed a harpy (glowing shapeshifter)
  5004 | D:6      | XOM: confusion (+ monsters)
  5007 | D:6      | XOM: scenery: create altars
  5007 | D:6      | a harpy changed into a warg
  5010 | D:6      | a warg changed into a queen bee
  5010 | D:6      | Noticed a queen bee (glowing shapeshifter)
  5011 | D:6      | a queen bee changed into a human
  5016 | D:6      | XOM: enchant monster (good)
  5018 | D:6      | Reached XP level 10. HP: 44/79 MP: 15/15
  5021 | D:6      | XOM: confuse monster(s)
  5096 | D:6      | XOM: silly message
  5115 | D:6      | XOM: scenery: 1 doors close
  5241 | D:6      | XOM: 5-stop teleportation journey
  5302 | D:6      | XOM: summons 3 friendly demons
  5320 | D:6      | Identified the +0 leather armour of the Imp {Harm rElec
                  | Int-5 Dex+3}
  5343 | D:6      | XOM: scenery: 1 doors close
  5375 | D:6      | XOM: god gift: 7 stones
  5541 | D:6      | XOM: god gift: Everburning Encyclopedia
  5627 | D:6      | XOM: scenery: 1 doors close
  5714 | D:6      | Learned a level 4 spell: Ignite Poison
  5719 | D:6      | Learned a level 4 spell: Manifold Assault
  5724 | D:6      | Learned a level 4 spell: Sticky Flame
  5976 | D:7      | XOM: give mutations
  5976 | D:7      | Gained mutation: You have supernaturally acute eyesight.
                  | (SInv) [Xom's grace]
  5976 | D:7      | Gained mutation: You have a pair of horns on your head.
                  | [Xom's grace]
  6104 | D:7      | XOM: confuse monster(s)
  6157 | D:7      | XOM: divination: detect items
  6252 | D:7      | XOM: 3-stop teleportation journey
  6380 | D:7      | XOM: 2-stop teleportation journey
  6425 | D:7      | Noticed Maggie
  6439 | D:7      | XOM: divination: magic mapping
  6550 | D:7      | Killed Maggie
  6596 | D:7      | Found a staircase to the Ecumenical Temple.
  6610 | D:7      | Learned a level 4 spell: Summon Blazeheart Golem
  6611 | Temple   | Found a transporter.
  6611 | Temple   | Found a transporter.
  6611 | Temple   | Found a transporter.
  6611 | Temple   | Found a transporter.
  6611 | Temple   | Entered the Ecumenical Temple
  6730 | D:7      | XOM: noise
  7045 | D:7      | XOM: polymorph ufetubus -> cerulean imp
  7208 | D:7      | Reached XP level 11. HP: 77/80 MP: 17/17
  7289 | D:7      | XOM: swap monsters
  7432 | D:7      | XOM: swap monsters
  7467 | D:7      | Learned a level 2 spell: Searing Ray
  7639 | D:8      | Noticed Joseph
  7640 | D:8      | Joseph changed into Joseph the howler monkey
  7640 | D:8      | Noticed Joseph
  7640 | D:8      | XOM: polymorph Joseph -> Joseph the howler monkey
  7702 | D:7      | Killed Joseph the howler monkey
  8072 | D:8      | Identified the +3 flail of Qazlal's Benevolence {holy, Fly
                  | Str-4 Dex+5}
  8076 | D:8      | XOM: confuse monster(s)
  8085 | D:8      | XOM: 7-stop teleportation journey
  8089 | D:8      | XOM: 2-stop teleportation journey
  8160 | D:8      | XOM: scenery: create altars
  8501 | D:8      | Found a snail-covered altar of Cheibriados.
  8551 | D:8      | XOM: give mutations
  8551 | D:8      | Gained mutation: You passively map a small area around you.
                  | [Xom's mischief]
  8551 | D:8      | Lost mutation: Armour fits poorly on your strangely shaped
                  | body. [Xom's mischief]
  8645 | D:8      | Found a blossoming altar of Fedhas.
  8656 | D:8      | Found Idedwuck's Armour Shop.
  8751 | D:8      | XOM: scenery: create altars
  9194 | D:9      | XOM: god gift: 44 gold pieces
  9859 | D:4      | Bought a potion of mutation for 104 gold pieces
  9859 | D:4      | Bought a potion of heal wounds for 65 gold pieces
  9859 | D:4      | Bought 2 scrolls of revelation for 195 gold pieces
  9897 | D:5      | XOM: scenery: create altars
 10131 | D:10     | Entered Level 10 of the Dungeon
 10144 | D:10     | Noticed a two-headed ogre
 10256 | D:10     | XOM: destruction
 10262 | D:9      | Killed a two-headed ogre
 10263 | D:9      | Reached skill level 5 in Polearms
 10302 | D:10     | XOM: blink monster(s)
 10311 | D:10     | XOM: swap monsters
 10312 | D:10     | XOM: polymorph yak -> elephant
 10313 | D:10     | XOM: stat loss: -1 Dex (12/13)
 10336 | D:10     | Reached skill level 5 in Stealth
 10525 | D:10     | XOM: god gift: 6 atropa-tipped darts
 10532 | D:10     | Noticed a two-headed ogre
 10538 | D:10     | Killed a two-headed ogre
 10682 | D:10     | Noticed Josephine
 10706 | D:10     | XOM: potion effect (heal wounds)
 10707 | D:10     | XOM: smoke on damage
 10709 | D:10     | Slain by a wraith

Illustrated notes

Levels and vault maps discovered:
D:1:      lemuel_arrival_lava_pool, layout_basic
D:2:      layout_rooms
D:3:      layout_loops_cross, chequers_ecumenical_altar_simple_redux,
          nicolae_elevator_lobby_asterisk
D:4:      layout_basic, serial_shops, shop, shop, shop,
          nicolae_book_shop_shelving, nicolae_zen_rock_garden, kennysheep_boxes,
          uniq_menkaure, uniq_sigmund
D:5:      layout_loops_corners, nicolae_ru_sacrificial_ziggurat, serial_shops,
          nicolae_shop_window_shopping, nicolae_ossuary_entry_catacombs,
          uniq_pikel, uniq_duvessa, uniq_prince_ribbit1, uniq_grinder
D:6:      layout_basic
D:7:      bobbens_index_wilting_gardens, layout_loops_corners, temple_hall,
          uniq_maggie
D:8:      layout_cave_pools, slow_altar_1, fedhas_altar_1, serial_shops,
          nicolae_shop_trees, uniq_joseph
D:9:      layout_basic
D:10:     layout_long_grid, david_orc_4, uniq_josephine
Temple:   hellmonk_temple_divided_pantheon

Skill      XL: |  1  2  3  4  5  6  7  8  9 10 11 |
---------------+----------------------------------+-----
Dodging        | 1 2 4 5 6 7 |  7.2
Armour         | 2 5 6 7 |  7.4
Polearms       | 1 3 4 5 |  5.2
Stealth        | 1 3 4 5 |  5.0
Evocations     | 1 4 5 6 7 |  7.4
Spellcasting   | 3 4 |  4.7
Fighting       | 5 6 7 8 |  8.4
Axes           | 5 6 7 8 |  8.3

Action                     |  1- 3 |  4- 6 |  7- 9 | 10-12 || total
---------------------------+-------+-------+-------+-------++-------
  Melee: Hand axe          |    62 |    36 |   238 |   455 ||   791
         Dagger            |    59 |    23 |       |       ||    82
         Trident           |       |    13 |   297 |   542 ||   852
         Headbutt          |       |     3 |    81 |   127 ||   211
  Throw: Dart              |       |       |       |     5 ||     5
  Evoke: Wand              |       |       |       |     1 ||     1
    Use: Potion            |       |     4 |     9 |     6 ||    19
         Scroll            |       |     3 |     7 |    18 ||    28
   Stab: Invisible         |       |     3 |     9 |       ||    12
         Distracted        |       |     1 |       |       ||     1
         Sleeping          |       |       |     6 |     9 ||    15
         Confused          |       |       |    10 |     7 ||    17
         Paralysed         |       |       |     3 |     9 ||    12
 Armour: Leather armour    |    51 |    20 |    19 |       ||    90
         Chain mail        |       |       |   115 |    28 ||   143
         Steam dragon scal |       |       |       |   338 ||   338
         Skin              |       |       |       |     3 ||     3
  Dodge: Dodged            |    68 |    20 |    96 |   388 ||   572
  Block: Other             |       |       |     1 |    92 ||    93

Table legend: (Time is in decaauts)
 A = Elapsed time spent in this place.
 B = Non-inter-level travel time spent in this place.
 C = Inter-level travel time spent in this place.
 D = Time resting spent in this place.
 E = Time spent auto-exploring this place.
 F = Levels seen in this place.
 G = Mean time per level.
                   A        B        C        D        E       F      G
               +--------+--------+--------+--------+--------+-----+--------+
         Total |  10692 |   9796 |    896 |    532 |   6935 |  12 |  891.0 |
       Dungeon |  10302 |   9406 |    896 |    532 |   6713 |  10 | 1030.2 |
        Temple |      1 |      1 |      0 |      0 |      0 |   1 |    1.0 |
       Ossuary |    387 |    387 |      0 |      0 |    222 |   1 |  387.0 |
               +--------+--------+--------+--------+--------+-----+--------+

Top non-repeatable levels by time:
     D:7: 2172 daAuts
     D:6: 1229 daAuts
     D:5: 1207 daAuts
     D:9: 1168 daAuts
     D:4: 1110 daAuts
     D:1: 958 daAuts
     D:8: 874 daAuts
     D:3: 607 daAuts
     D:2: 501 daAuts
    D:10: 472 daAuts
 Ossuary: 387 daAuts
  Temple: 1 daAuts
